AAA
LYNN PATRIOTS @ MEMPHIS RAILCATS
08/05/2059
 
TOP OF THE 1ST
Lynn Patriots batting - Pitching for Memphis Railcats : RHP Tyler Cambre
Pitching: RHP Tyler Cambre
Batting: RHB Paxton Barnett 0-0: Ball
1-0: Ground out 5-3 (Groundball, 5L, EV 91.2 MPH)
Batting: LHB Deshaun Hone 0-0: Ground out U3 (Groundball, 34, EV 88.8 MPH)
Batting: RHB Rodrick Madhubuti 0-0: Ball
1-0: Foul Ball, location: 2F
1-1: Called Strike
1-2: Foul Ball, location: 2F
1-2: Ball
2-2: Strikes out looking
Top of the 1st over - 0 runs, 0 hits, 0 errors, 0 left on base; Lynn 0 - Memphis 0
BOTTOM OF THE 1ST
Memphis Railcats batting - Pitching for Lynn Patriots : RHP Wyatt McManus
Pitching: RHP Wyatt McManus
Batting: LHB Delano Hurme 0-0: Foul Ball, location: 2F
0-1: Fly out, F7 (Flyball, 7D, EV 87.5 MPH)
Batting: LHB Tristen Cooley 0-0: Called Strike
0-1: Foul Ball, location: 2F
0-2: Fly out, F9 (Line Drive, 9, EV 105.6 MPH)
Batting: RHB Kristian LeDoux 0-0: Ball
1-0: Called Strike
1-1: Foul Ball, location: 2F
1-2: Ball
2-2: Foul Ball, location: 2F
2-2: SINGLE (Line Drive, 56D, EV 108.1 MPH)
Batting: SHB Darren Lane 0-0: Ball
Kristian LeDoux is caught stealing 2nd base 2-6
Bottom of the 1st over - 0 runs, 1 hit, 0 errors, 0 left on base; Lynn 0 - Memphis 0
TOP OF THE 2ND
Lynn Patriots batting - Pitching for Memphis Railcats : RHP Tyler Cambre
Batting: RHB Mike Thompson 0-0: Called Strike
0-1: Foul Ball, location: 2F
0-2: Strikes out swinging
Batting: LHB Chase Corman 0-0: Called Strike
0-1: Called Strike
0-2: Ball
1-2: Ball
2-2: Strikes out looking
Batting: SHB Xavier Amaro 0-0: Foul Ball, location: 2F
0-1: Ball
1-1: Ball
2-1: Swinging Strike
2-2: Strikes out looking
Top of the 2nd over - 0 runs, 0 hits, 0 errors, 0 left on base; Lynn 0 - Memphis 0
BOTTOM OF THE 2ND
Memphis Railcats batting - Pitching for Lynn Patriots : RHP Wyatt McManus
Batting: SHB Darren Lane 0-0: Called Strike
0-1: Called Strike
0-2: Strikes out looking
Batting: RHB Tai de Bruijn 0-0: Foul Ball, location: 2F
0-1: Swinging Strike
0-2: Ball
1-2: SINGLE (Groundball, 56S, EV 75.0 MPH) (infield hit)
Batting: RHB Luke Heap 0-0: Called Strike
0-1: Ball
1-1: Foul Ball, location: 2F
1-2: Foul Ball, location: 2F
1-2: Ball
2-2: Foul Ball, location: 2F
2-2: Grounds into double play, 3-6-3 (Groundball, 3, EV 94.4 MPH)
Bottom of the 2nd over - 0 runs, 1 hit, 0 errors, 0 left on base; Lynn 0 - Memphis 0
TOP OF THE 3RD
Lynn Patriots batting - Pitching for Memphis Railcats : RHP Tyler Cambre
Batting: RHB Amani Hansen 0-0: Ball
1-0: Called Strike
1-1: Foul Ball, location: 2F
1-2: Strikes out swinging
Batting: RHB Scottie Viele 0-0: Ball
1-0: Called Strike
1-1: Fly out, F9 (Line Drive, 89S, EV 96.2 MPH)
Batting: RHB Traevis van Dijk 0-0: Called Strike
0-1: Swinging Strike
0-2: Foul Ball, location: 2F
0-2: Ball
1-2: Ball
2-2: Strikes out swinging
Top of the 3rd over - 0 runs, 0 hits, 0 errors, 0 left on base; Lynn 0 - Memphis 0
BOTTOM OF THE 3RD
Memphis Railcats batting - Pitching for Lynn Patriots : RHP Wyatt McManus
Batting: RHB Isaac Rowe 0-0: Ball
1-0: Foul Ball, location: 2F
1-1: Ground out 6-3 (Groundball, 6, EV 98.8 MPH)
Batting: SHB Lukas Skaggs 0-0: Swinging Strike
0-1: Ball
1-1: Called Strike
1-2: Ball
2-2: Ball
3-2: Ground out 6-3 (Groundball, 6, EV 91.2 MPH)
Batting: RHB Dave Regan 0-0: Ball
1-0: Ball
2-0: Ball
3-0: Called Strike
3-1: Swinging Strike
3-2: Foul Ball, location: 2F
3-2: Strikes out looking
Bottom of the 3rd over - 0 runs, 0 hits, 0 errors, 0 left on base; Lynn 0 - Memphis 0
TOP OF THE 4TH
Lynn Patriots batting - Pitching for Memphis Railcats : RHP Tyler Cambre
Batting: RHB Paxton Barnett 0-0: Swinging Strike
0-1: Called Strike
0-2: Foul Ball, location: 2F
0-2: Ball
1-2: Ball
2-2: Ball
3-2: SINGLE (Groundball, 6M, EV 84.4 MPH) (infield hit)
Batting: LHB Deshaun Hone 0-0: Called Strike
0-1: Ball
1-1: Ball
2-1: SINGLE (Groundball, 56D, EV 105.6 MPH)
Paxton Barnett to second
Batting: RHB Rodrick Madhubuti 0-0: Foul Ball, location: 2F
0-1: Ball
1-1: Foul Ball, location: 2F
1-2: Ball
Wild Pitch!
Paxton Barnett to third
Deshaun Hone to second
2-2: Ball
3-2: Strikes out swinging
Batting: RHB Mike Thompson 0-0: Ball
1-0: Called Strike
1-1: Swinging Strike
1-2: Strikes out swinging
Batting: LHB Chase Corman 0-0: Called Strike
0-1: Ball
1-1: Foul Ball, location: 2F
1-2: Foul Ball, location: 2F
1-2: Ball
2-2: Ball
3-2: Base on Balls
Batting: SHB Xavier Amaro 0-0: Ball
1-0: Called Strike
1-1: Ball
2-1: Called Strike
2-2: Ball
3-2: Base on Balls
Paxton Barnett scores
Deshaun Hone to third
Chase Corman to second
Batting: RHB Amani Hansen 0-0: Ball
1-0: Ground out 4-3 (Groundball, 4S, EV 95.0 MPH)
Top of the 4th over - 1 run, 2 hits, 0 errors, 3 left on base; Lynn 1 - Memphis 0
BOTTOM OF THE 4TH
Memphis Railcats batting - Pitching for Lynn Patriots : RHP Wyatt McManus
Batting: LHB Delano Hurme 0-0: Foul Ball, location: 2F
0-1: Ball
1-1: Ball
2-1: Ground out 6-3 (Groundball, 6, EV 83.8 MPH)
Batting: LHB Tristen Cooley 0-0: Ball
1-0: Ball
2-0: Swinging Strike
2-1: Ball
3-1: Foul Ball, location: 2F
3-2: Base on Balls
Batting: RHB Kristian LeDoux 0-0: Ball
Passed Ball!
Tristen Cooley to second
1-0: SINGLE (Flyball, 4MD, EV 90.6 MPH)
Tristen Cooley to third
Batting: SHB Darren Lane 0-0: Ball
1-0: Ball
2-0: Called Strike
Kristian LeDoux steals 2nd base
2-1: SINGLE (Flyball, 9S, EV 83.8 MPH)
Tristen Cooley scores
Kristian LeDoux to third
Runner from 3rd tries for Home, SAFE, throw by RF to home
Darren Lane to second
Batting: RHB Tai de Bruijn 0-0: Called Strike
0-1: Foul Ball, location: 2F
0-2: Ball
1-2: Ball
2-2: DOUBLE (Line Drive, 9LM, EV 106.2 MPH)
Darren Lane scores
Batting: RHB Luke Heap 0-0: Ball
1-0: SINGLE (Line Drive, 7LM, EV 104.4 MPH)
Tai de Bruijn to third
Runner from 3rd tries for Home, SAFE, throw by LF to home
Batting: RHB Isaac Rowe 0-0: Swinging Strike
0-1: Ball
1-1: SINGLE (Line Drive, 8RS, EV 106.9 MPH)
Luke Heap to second
Batting: SHB Lukas Skaggs 0-0: Called Strike
0-1: Ball
1-1: Foul Ball, location: 2F
1-2: Fielders Choice at 2nd, 1-6 (Groundball, 13S, EV 71.2 MPH)
Luke Heap to third
Batting: RHB Dave Regan 0-0: Ball
1-0: Ball
2-0: Foul Ball, location: 2F
2-1: Ground out 5-3 (Groundball, 56S, EV 85.6 MPH)
Bottom of the 4th over - 4 runs, 5 hits, 0 errors, 2 left on base; Lynn 1 - Memphis 4
TOP OF THE 5TH
Lynn Patriots batting - Pitching for Memphis Railcats : RHP Tyler Cambre
Batting: RHB Scottie Viele 0-0: Ball
1-0: Foul Ball, location: 2F
1-1: Ball
2-1: Swinging Strike
2-2: Strikes out swinging
Batting: RHB Traevis van Dijk 0-0: Called Strike
0-1: Ground out 5-3 (Groundball, 56S, EV 85.0 MPH)
Batting: RHB Paxton Barnett 0-0: Ball
1-0: Called Strike
1-1: Swinging Strike
1-2: Strikes out swinging
Top of the 5th over - 0 runs, 0 hits, 0 errors, 0 left on base; Lynn 1 - Memphis 4
BOTTOM OF THE 5TH
Memphis Railcats batting - Pitching for Lynn Patriots : RHP Wyatt McManus
Batting: LHB Delano Hurme 0-0: Called Strike
0-1: Called Strike
0-2: Foul Ball, location: 2F
0-2: Strikes out swinging
Batting: LHB Tristen Cooley 0-0: SINGLE (Groundball, 34D, EV 96.2 MPH)
Batting: RHB Kristian LeDoux 0-0: Ball
1-0: Ball
2-0: Swinging Strike
2-1: Called Strike
2-2: Fly out, F7 (Line Drive, 78S, EV 102.5 MPH)
Batting: SHB Darren Lane 0-0: Ball
1-0: Foul Ball, location: 2F
1-1: Foul Ball, location: 2F
1-2: Ball
2-2: Foul Ball, location: 2F
2-2: Ball
3-2: Foul Ball, location: 2F
3-2: Foul Ball, location: 2F
3-2: Ground out 6-3 (Groundball, 6, EV 81.9 MPH)
Bottom of the 5th over - 0 runs, 1 hit, 0 errors, 1 left on base; Lynn 1 - Memphis 4
TOP OF THE 6TH
Lynn Patriots batting - Pitching for Memphis Railcats : RHP Tyler Cambre
Batting: LHB Deshaun Hone 0-0: Ball
1-0: Fly out, F9 (Flyball, 9LS, EV 95.0 MPH)
Batting: RHB Rodrick Madhubuti 0-0: Called Strike
0-1: Ball
1-1: SINGLE (Line Drive, 5D, EV 96.9 MPH)
Batting: RHB Mike Thompson 0-0: Called Strike
0-1: Ball
1-1: Foul Ball, location: 2F
1-2: Grounds into double play, 5-4-3 (Groundball, 5S, EV 93.1 MPH)
Top of the 6th over - 0 runs, 1 hit, 0 errors, 0 left on base; Lynn 1 - Memphis 4
BOTTOM OF THE 6TH
Memphis Railcats batting - Pitching for Lynn Patriots : RHP Wyatt McManus
Batting: RHB Tai de Bruijn 0-0: Ball
1-0: Ball
2-0: Fly out, F8 (Flyball, 8RS, EV 91.2 MPH)
Batting: RHB Luke Heap 0-0: Ball
1-0: Ball
2-0: Ball
3-0: Base on Balls
Batting: RHB Isaac Rowe 0-0: Ball
1-0: SINGLE (Flyball, 78S, EV 94.4 MPH)
Luke Heap to second
Batting: SHB Lukas Skaggs 0-0: Called Strike
0-1: Ball
1-1: Fielders Choice at 2nd, 3-6 (Groundball, 13, EV 90.0 MPH)
Luke Heap to third
Pitching: RHP Peter Long
Batting: RHB Dave Regan 0-0: Called Strike
0-1: Fielders Choice at 2nd, 6-4 (Groundball, 6, EV 88.1 MPH)
Bottom of the 6th over - 0 runs, 1 hit, 0 errors, 2 left on base; Lynn 1 - Memphis 4
TOP OF THE 7TH
Lynn Patriots batting - Pitching for Memphis Railcats : RHP Tyler Cambre
Batting: LHB Chase Corman 0-0: Called Strike
0-1: Ball
1-1: Foul Ball, location: 2F
1-2: Ball
2-2: Ball
3-2: Foul Ball, location: 2F
3-2: Strikes out swinging
Pitching: LHP Trace Keller
Batting: SHB Xavier Amaro 0-0: Called Strike
0-1: Ground out 5-3 (Groundball, 56, EV 100.6 MPH)
Batting: RHB Amani Hansen 0-0: Called Strike
0-1: Foul Ball, location: 2F
0-2: Strikes out swinging
Top of the 7th over - 0 runs, 0 hits, 0 errors, 0 left on base; Lynn 1 - Memphis 4
BOTTOM OF THE 7TH
Memphis Railcats batting - Pitching for Lynn Patriots : RHP Peter Long
Batting: LHB Delano Hurme 0-0: Ball
1-0: Called Strike
1-1: Ball
2-1: Foul Ball, location: 2F
2-2: SINGLE (Groundball, 25, EV 67.5 MPH) (infield hit)
Batting: LHB Tristen Cooley 0-0: Ball
1-0: Swinging Strike
1-1: Ball
2-1: Ball
3-1: Called Strike
3-2: Base on Balls
Delano Hurme to second
Batting: RHB Kristian LeDoux 0-0: Foul Ball, location: 2F
0-1: Fielders Choice at 2nd, 6-4 (Groundball, 6, EV 103.1 MPH)
Delano Hurme to third
Batting: SHB Darren Lane 0-0: Swinging Strike
0-1: Ball
1-1: Foul Ball, location: 2F
1-2: Ball
2-2: Foul Ball, location: 2F
2-2: Ball
3-2: Foul Ball, location: 2F
3-2: Fly out, F8 (Flyball, 8RM, EV 90.0 MPH)
Batting: RHB Tai de Bruijn 0-0: Called Strike
0-1: Ball
1-1: Ball
2-1: Ball
3-1: Called Strike
3-2: Foul Ball, location: 2F
3-2: Foul Ball, location: 2F
3-2: Strikes out looking
Bottom of the 7th over - 0 runs, 1 hit, 0 errors, 2 left on base; Lynn 1 - Memphis 4
TOP OF THE 8TH
Lynn Patriots batting - Pitching for Memphis Railcats : LHP Trace Keller
Now at 1B: Darren Lane
Now at 3B: Lason Ekundayo
Batting: RHB Scottie Viele 0-0: Called Strike
0-1: Foul Ball, location: 2F
0-2: Ball
1-2: Fly out, F8 (Line Drive, 78M, EV 105.0 MPH)
Batting: RHB Traevis van Dijk 0-0: Ball
1-0: Swinging Strike
1-1: Hit by Pitch
Batting: RHB Paxton Barnett 0-0: Foul Ball, location: 2F
0-1: Foul Ball, location: 2F
0-2: Ball
1-2: Reached on error, E5 (Groundball, 5L, EV 84.4 MPH)
Traevis van Dijk to second
Batting: LHB Deshaun Hone 0-0: Ball
Wild Pitch!
Traevis van Dijk to third
Paxton Barnett to second
1-0: Called Strike
1-1: Ball
2-1: Swinging Strike
2-2: Ball
3-2: Strikes out swinging
Batting: RHB Rodrick Madhubuti 0-0: Ball
1-0: Fly out, F9 (Flyball, 9, EV 95.0 MPH)
Top of the 8th over - 0 runs, 0 hits, 1 error, 2 left on base; Lynn 1 - Memphis 4
BOTTOM OF THE 8TH
Memphis Railcats batting - Pitching for Lynn Patriots : RHP Peter Long
Pitching: RHP Jackson Waddell
Batting: RHB Luke Heap 0-0: Called Strike
0-1: Foul Ball, location: 2F
0-2: Strikes out swinging
Batting: RHB Isaac Rowe 0-0: Ball
1-0: Called Strike
1-1: Swinging Strike
1-2: Strikes out looking
Batting: SHB Lukas Skaggs 0-0: Foul Ball, location: 2F
0-1: Hit by Pitch
Batting: RHB Dave Regan 0-0: Ball
Lukas Skaggs steals 2nd base
1-0: Foul Ball, location: 2F
1-1: Ball
2-1: Swinging Strike
2-2: Strikes out swinging
Bottom of the 8th over - 0 runs, 0 hits, 0 errors, 1 left on base; Lynn 1 - Memphis 4
TOP OF THE 9TH
Lynn Patriots batting - Pitching for Memphis Railcats : LHP Trace Keller
Batting: RHB Mike Thompson 0-0: Ground out U3 (Groundball, 34S, EV 81.9 MPH)
Batting: LHB Chase Corman 0-0: Called Strike
0-1: Ball
1-1: Ball
2-1: Ball
3-1: Base on Balls
Batting: SHB Xavier Amaro 0-0: Ball
1-0: Called Strike
1-1: Fly out, F8 (Flyball, 89D, EV 104.4 MPH)
Batting: RHB Amani Hansen 0-0: Fly out, F8 (Line Drive, 78M, EV 90.6 MPH)
Top of the 9th over - 0 runs, 0 hits, 0 errors, 1 left on base; Lynn 1 - Memphis 4
Thursday, March 21st , 2024 - OOTP Baseball 23.10 Build 110